 Dungeon Crawl Stone Soup version 0.19-a0-1740-g0bcaf2e (webtiles) character file.

51 4thArraOfDagon the Ducker (level 3, -1/29 HPs)
             Began as a Vampire Monk on Oct 2, 2016.
             Slain by an iguana (12 damage)
             ... on level 4 of the Dungeon.
             The game lasted 00:03:11 (701 turns).

4thArraOfDagon the Ducker (Vampire Monk)             Turns: 701, Time: 00:03:11

Health: -1/29      AC:  6    Str: 10    XL:     3   Next: 58%
Magic:  3/3        EV: 12    Int: 12    God:
Gold:   84         SH:  0    Dex: 17    Spells: 0 memorised, 2 levels left

rFire  . . .     SeeInvis +     a - +0 falchion
rCold  . . .     Gourm    .     i - +0 ring mail
rNeg   . . .     Faith    .     (no shield)
rPois  .         Spirit   .     (no helmet)
rElec  .         Dismiss  .     e - +0 cloak
rCorr  .         Reflect  .     (no gloves)
MR     .....     Harm     .     (no boots)
Stlth  ++........               (no amulet)
                                (no ring)
                                (no ring)

@: regenerating quickly
A: fangs 3, see invisible, unbreathing
a: no special abilities


You were on level 4 of the Dungeon.
You were very full.

You visited 1 branch of the dungeon, and saw 4 of its levels.

You collected 84 gold pieces.

Inventory:

Hand Weapons
 a - a +0 falchion (weapon)
Armour
 b - a +0 robe
 e - a +0 cloak (worn)
 i - a +0 ring mail (worn)
Wands
 g - a wand of teleportation (7/9)
Scrolls
 d - a scroll of immolation {unknown}
 h - 3 scrolls of fog {unknown}
 j - a scroll of amnesia {unknown}
 k - a scroll of teleportation {unknown}
 m - a scroll of magic mapping {unknown}
Potions
 c - 3 potions of blood
 f - a potion of curing
 l - a potion of haste


   Skills:
 + Level 3.1 Fighting
 * Level 3.7 Long Blades
 + Level 4.0 Dodging
 - Level 3.0 Stealth


You had 2 spell levels left.
You didn't know any spells.

Dungeon Overview and Level Annotations

Branches:
Dungeon (4/15)
 Temple: D:4-7

Altars:

Annotations:
D:4 Eustachio, Robin


Innate Abilities, Weirdness & Mutations

Your natural rate of healing is unusually fast.
You have razor-sharp teeth.
You have supernaturally acute eyesight. (SInv)
You can survive without breathing.


Message History

Unknown command.
Unknown command.
Unknown command.
The quokka closely misses you.
Unknown command.
The white imp disappears in a puff of smoke!
Unknown command.
Unknown command.
Unknown command.
An iguana comes into view.
The goblin no longer looks unusually strong.
The quokka bites you but does no damage.
Unknown command.
The iguana hisses angrily.
Found a pair of gloves.
Unknown command.
Unknown command.
Unknown command.
The iguana bites you!
You die...

#.............
#.............
#...........[.
#.............
#.............
##..##g........
#...##........#
#.g.##rl.....##
#..####@....##
#g.# #....##
##..# #..#.#
#gg## #..###
#..# ##.. #
#..# ..# #
##..# ..# #
#..## ... #
#..#


You could see an iguana, a quokka and a goblin.

Vanquished Creatures
  2 adders (D:3)
  4 orcs (D:3)
  A giant cockroach (D:1)
  4 goblins
  2 hobgoblins
  2 jackals (D:3)
  3 kobolds
  3 quokkas
  2 bats
  A frilled lizard (D:3)
  4 rats
28 creatures vanquished.

Notes
Turn   | Place    | Note
-------+----------+-------------------------------------------
     0 | D:1      | 4thArraOfDagon the Vampire Monk began the quest for the Orb.
     0 | D:1      | Reached XP level 1. HP: 17/17 MP: 1/1
   182 | D:2      | Reached XP level 2. HP: 21/23 MP: 2/2
   362 | D:3      | Reached XP level 3. HP: 6/29 MP: 3/3
   532 | D:4      | Reached skill level 4 in Dodging
   548 | D:4      | Noticed Robin
   603 | D:4      | Noticed Eustachio
   701 | D:4      | Slain by an iguana

Vault maps used:
D:1:      roderic_crop_circles_arrival_small, serial_forest,
          infiniplex_forest_lined_room_3, infiniplex_forest_corner_2,
          infiniplex_forest_zigzag_1, infiniplex_forest_lined_3,
          infiniplex_forest_lined_3_way, infiniplex_forest_zigzag_1,
          minmay_misc_feat_x, dk_noncrumbling_4
D:2:      ecumenical_altar_2, grunt_ministairs_11, kennysheep_generic_room_4
D:3:      first_bread, st_stairs_1, trog_book
D:4:      uniq_sigmund, uniq_robin, uniq_eustachio

Skill      XL: |  1  2  3 |
---------------+----------+-----
Fighting       | 3 |  3.1
Dodging        | 4 |  4.0
Long Blades    | |  3.7
Stealth        | |  3.0

Action                   || total
-------------------------++-------
Melee: Falchion          ||   100
       Bite              ||    12
  Use: Scroll            ||     3
       Potion            ||     1
 Stab: Sleeping          ||     6
  Eat: Corpse            ||     7
Armor: Robe              ||     5
       Ring mail         ||    24
Dodge: Dodged            ||    63
